 Dungeon Crawl Stone Soup version 0.30.1-11-g7821555f0a (webtiles) character file.

Game seed: 3124003371735518685

34401 Chiseanne the Fighter (level 13, -7/108 HPs)
             Began as a Demonspawn Wanderer on Nov 28, 2023.
             Was an Initiate of Gozag.
             Mangled by a sphinx (20 damage)
             ... summoned by Kirke
             ... on level 12 of the Dungeon.
             The game lasted 00:34:04 (11421 turns).

Chiseanne the Fighter (Demonspawn Wanderer)        Turns: 11421, Time: 00:34:04

Health: -7/108     AC:  0    Str: 16    XL:     13   Next: 42%
Magic:  1/13       EV: 20    Int: 12    God:    Gozag
Gold:   1144       SH:  9    Dex: 16    Spells: 12/12 levels left

rFire   . . .        s - melded +1 dagger (venom)
rCold   . . .        m - melded +0 buckler
rNeg    . . .        h - melded +1 troll leather armour {Pargi}
rPois   .            (helmet unavailable)
rElec   .            x - melded +0 cloak
rCorr   .            K - melded +0 pair of gloves {infuse}
SInv    .            (boots currently unavailable)
Will    .....        H - amulet of reflection
Stlth   ++           q - melded +6 ring of dexterity
HPRegen 0.38/turn    g - melded ring "Umnupp" {rF+ Will+ Str+3 Int-3}
MPRegen 0.13/turn

%: reflection
@: about to teleport, pig-form, very quick
A: fast, no casting, small, (horns 3), (large bone plates 3), foul stench 2,
condensation shield
a: Renounce Religion, Potion Petition, Call Merchant, Bribe Branch


You were on level 12 of the Dungeon.
You worshipped Gozag.
Gozag was most pleased with you.
You were a filthy swine.
You visited 2 branches of the dungeon, and saw 13 of its levels.

You collected 2423 gold pieces.
You spent 478 gold pieces at shops.
You paid 801 gold pieces to Gozag.

Inventory:

Hand Weapons
 a - a +0 whip of electrocution
 d - a +3 flail of freezing
 s - a +1 dagger of venom (melded)
 A - a +0 broad axe
Missiles
 c - a throwing net
 l - 27 poisoned darts (quivered)
 u - 6 boomerangs
 C - 4 curare-tipped darts
 F - 3 silver boomerangs
Armour
 h - a +1 troll leather armour (melded) {Pargi}
 m - a +0 buckler (melded)
 x - a +0 cloak (melded)
 K - a +0 pair of gloves of infusion (melded)
 L - a +0 leather armour of fire resistance
 Q - an orb of guile
 S - the +0 scale mail "Hiavogyr" {rElec SInv}
   (You found it on level 12 of the Dungeon)

   rElec:     It insulates you from electricity.
   SInv:      It lets you see invisible.
Jewellery
 g - the ring "Umnupp" (melded) {rF+ Will+ Str+3 Int-3}
   (You took it off an orc wizard on level 10 of the Dungeon)

   [ring of protection from fire]

   Str:       It affects your strength (+3).
   Int:       It affects your intelligence (-3).
   rF:        It protects you from fire.
   Will:      It increases your willpower.
 q - a +6 ring of dexterity (melded)
 H - an amulet of reflection (around neck)
 I - a ring of fire
 O - a ring of positive energy
Wands
 v - a wand of flame (28)
 w - a wand of light (7)
 E - a wand of mindburst (7)
 G - a wand of roots (32)
Scrolls
 b - 2 scrolls of blinking
 e - 4 scrolls of fog
 j - 4 scrolls of poison
 n - 6 scrolls of teleportation
 o - 5 scrolls of fear
 D - a scroll of identify
 M - a scroll of magic mapping
 P - 2 scrolls of brand weapon
Potions
 f - 6 potions of heal wounds
 i - 2 potions of resistance
 k - 3 potions of magic
 p - 2 potions of curing
 r - 3 potions of flight
 t - 2 potions of ambrosia
 y - 2 potions of haste
 z - 5 potions of lignification
 B - 3 potions of mutation
 N - a potion of brilliance
Miscellaneous
 J - a phantom mirror (inert)


   Skills:
 * Level 12.0 Fighting
 - Level 1.7 Maces & Flails
 * Level 10.4 Armour
 * Level 9.7 Dodging
 - Level 2.6 Stealth
 * Level 10.8 Shields


You had 12 spell levels left.
You didn't know any spells.
Your spell library contained the following spells:

 Spells                   Type           Power      Damage    Failure   Level
 Beastly Appendage        Tmut           0%         N/A       32%         1
 Magic Dart               Conj           0%         1d3       32%         1
 Slow                     Hex            0%         N/A       32%         1
 Searing Ray              Conj           0%         2d4       45%         2
 Sublimation of Blood     Necr           0%         N/A       45%         2
 Wereblood                Tmut           0%         N/A       45%         2
 Confusing Touch          Hex            0%         N/A       69%         3
 Spider Form              Tmut/Pois      0%         N/A       69%         3
 Vampiric Draining        Necr           0%         2d6       69%         3
 Fulminant Prism          Conj/Hex       0%         3d5       97%         4
 Olgreb's Toxic Radiance  Pois           0%         N/A       97%         4
 Summon Hydra             Summ           0%         N/A       100%        7
 Discord                  Hex            0%         N/A       100%        8
 Ignition                 Fire           0%         3d3       100%        8


Dungeon Overview and Level Annotations

Branches:
Dungeon (12/15)            Temple (1/1) D:6            Lair (0/5) D:10
    Orc: D:9-12

Altars:
Cheibriados
Dithmenos
Fedhas
Gozag
Hepliaklqana
Kikubaaqudgha
Makhleb
Nemelex Xobeh
Okawaru
Qazlal
Ru
Sif Muna
Trog
Uskayaw
Vehumet
Wu Jian
Xom
Yredelemnul

Shops:
D:3 [   D:10 [

Annotations:
D:4 1 runed translucent door, kalagan's ghost, amateur DECj
D:9 4 transporters
D:12 Kirke


Innate Abilities, Weirdness & Mutations

You are a filthy swine.
You move quickly.
Your equipment is almost entirely melded.
You are incapable of wielding weapons or throwing items.
You cannot cast spells.
((You have a pair of large horns on your head.))
((You are completely covered in large bone plates. (SH +8)))
You sometimes emit foul miasma when damaged in melee.
A meltable shield of frost defends you. (SH +4)


Message History

Something smites you!
You hear some strange, mumbled words.
You turn into a filthy swine.
Your +1 dagger of venom melds into your body.
Your +0 cloak melds into your body.
Your +0 pair of gloves of infusion melds into your body.
Your +0 buckler melds into your body.
Your +1 troll leather armour {Pargi} melds into your body.
Your +6 ring of dexterity melds into your body.
The ring "Umnupp" {rF+ Will+ Str+3 Int-3} melds into your body.
Your +1 dagger of venom stops dripping with poison.
You feel magic leave your hands.
You feel clumsy.
You hit something but do no damage.
The sphinx is engulfed in dark miasma.
The sphinx looks even sicker.
The sphinx seems to slow down.
The sphinx hits you. x2; The sphinx completely misses you.
You hear some strange, mumbled words.
Something summons a manticore!
You hear a horrible gurgling sound!
You bump into the rock wall.
The sphinx is no longer moving slowly.
The sphinx is engulfed in dark miasma.
The sphinx looks as sick as possible!
The sphinx closely misses you.
The sphinx hits you! x2; Something hits you!
* * * LOW HITPOINT WARNING * * *
You bump into the rock wall.
You feel less confused.
The sphinx is engulfed in dark miasma.
The sphinx looks as sick as possible!
The sphinx seems to slow down.
The sphinx hits you.
* * * LOW HITPOINT WARNING * * *
You block the sphinx's attack. x2
You hear some strange, mumbled words.
You feel a momentary urge to oink.
As you read the scroll of teleportation, it crumbles to dust.
You feel strangely unstable.
The sphinx is no longer moving slowly.
Something hits you!
* * * LOW HITPOINT WARNING * * *
The orc priest begins to cast a cantrip, but forgets the words!
The sphinx is engulfed in dark miasma.
The sphinx looks as sick as possible!
The sphinx seems to slow down.
The sphinx hits you!!
You die...
Your body crumbles into a pile of gold.

#..# #..# #..##..# .#
#..# #..# #..##..# ..#
#..####..# #..##..#...#
#........###..##..#...#
#.............##......##
#.............##H..(o..o
#.####..####..##o# #.
#..# #..##{# $ #. #..#
#..##h# #. #..# #..##H#
#. #..# #..##.# #. #..
#..##.# #. #..##.#
#..##.# #..##.# #..##.#
#..##.#


You could see a sphinx (summoned, extremely poisoned, slow), a manticore
(summoned) and an orc priest.

Vanquished Creatures
  A centaur warrior (D:10)
  3 two-headed ogres
  A boulder beetle (D:10)
  Sonja (D:10)
  Pikel (D:7)
  A cyclops (D:11)
  A manticore (D:10)
  An elephant (D:10)
  Maurice (D:8)
  Joseph (D:8)
  A gargoyle (D:11)
  A kobold demonologist (D:12)
  An unseen horror (D:10)
  2 komodo dragons
  3 trolls
  Prince Ribbit (D:7)
  A slime creature (D:10)
  A human (D:8)
  A shadow (D:10)
  29 yaks
  A vampire (D:11)
  5 wyverns
  10 hogs
  A basilisk (D:10)
  4 wraiths
  A steam dragon (D:10)
  Grum (D:9)
  A vampire mosquito (D:10)
  An acid dragon (D:11)
  Pargi (D:3)
  5 sky beasts
  7 orc warriors
  3 ice beasts
  4 black bears
  2 wolves (D:9)
  An ogre (D:4)
  2 centaurs
  A lemure (D:7)
  2 kobold brigands
  4 bullfrogs
  3 scorpions
  12 wights
  9 killer bees
  6 orc priests
  A hound (D:6)
  2 jellies
  An iron imp (D:4)
  2 sleepcaps
  An iguana (D:5)
  9 orc wizards
  3 adders
  A white imp (D:7)
  5 worms
  2 dart slugs
  33 orcs
  7 ball pythons
  9 bats
  3 endoplasms
  5 giant cockroaches
  6 goblins
  3 hobgoblins
  2 jackals (D:1)
  13 kobolds
  A quokka (D:2)
  5 frilled lizards
  5 rats
259 creatures vanquished.

Vanquished Creatures (others)
  A troll (D:10)
  3 killer bees (D:8)
4 creatures vanquished.

Grand Total: 263 creatures vanquished

Notes
Turn   | Place    | Note
-------+----------+-------------------------------------------
     0 | D:1      | Chiseanne the Demonspawn Wanderer began the quest for the
                  | Orb.
     0 | D:1      | Chiseanne set off with the following items: a +2 dagger, a
                  | scroll of blinking, a +0 mace, a +0 scale mail, a scroll of
                  | fog.
     0 | D:1      | Reached XP level 1. HP: 15/15 MP: 1/1
   202 | D:1      | Gained mutation: You may rarely emit foul miasma when
                  | damaged in melee. [demonic ancestry]
   202 | D:1      | Reached XP level 2. HP: 21/21 MP: 2/2
   370 | D:1      | Reached skill level 1 in Dodging
   432 | D:1      | Gained mutation: You have a pair of small horns on your
                  | head. [demonic ancestry]
   432 | D:1      | Reached XP level 3. HP: 22/27 MP: 3/3
   696 | D:2      | Found a faded altar of an unknown god.
   740 | D:2      | Reached skill level 2 in Fighting
   846 | D:2      | Found a bloodstained altar of Trog.
  1403 | D:3      | Gained mutation: You sometimes emit foul miasma when
                  | damaged in melee. [demonic ancestry]
  1403 | D:3      | Reached XP level 4. HP: 33/33 MP: 4/4
  1428 | D:3      | Noticed Pargi
  1439 | D:3      | Killed Pargi
  1440 | D:3      | Reached skill level 1 in Shields
  1440 | D:3      | Gained mutation: You are partially covered in large bone
                  | plates. (SH +4) [demonic ancestry]
  1440 | D:3      | Reached XP level 5. HP: 28/39 MP: 5/5
  1482 | D:3      | Found an ornate altar of the Wu Jian Council.
  1600 | D:3      | Found a shimmering blue altar of Sif Muna.
  1706 | D:3      | Found Paasuim's Armour Shoppe.
  1748 | D:3      | Found a shadowy altar of Dithmenos.
  2102 | D:4      | Noticed an ogre
  2355 | D:4      | Found an ancient bone altar of Kikubaaqudgha.
  2460 | D:4      | Found a runed translucent door.
  2463 | D:4      | Noticed kalagan's ghost (amateur DECj)
  2518 | D:4      | Reached skill level 3 in Fighting
  2590 | D:4      | Found a snail-covered altar of Cheibriados.
  2603 | D:4      | Gained mutation: You are mostly covered in large bone
                  | plates. (SH +6) [demonic ancestry]
  2603 | D:4      | Reached XP level 6. HP: 45/47 MP: 6/6
  2863 | D:5      | Entered Level 5 of the Dungeon
  2988 | D:5      | Found a hazy altar of Hepliaklqana.
  3026 | D:5      | Noticed an ice beast
  3044 | D:5      | Reached skill level 5 in Armour
  3081 | D:5      | Reached XP level 7. HP: 36/53 MP: 7/7
  3157 | D:5      | Reached skill level 4 in Fighting
  4085 | D:6      | Reached XP level 8. HP: 61/61 MP: 8/8
  4230 | D:6      | Reached skill level 5 in Fighting
  4254 | D:6      | Found a staircase to the Ecumenical Temple.
  4263 | Temple   | Entered the Ecumenical Temple
  4290 | Temple   | Became a worshipper of Gozag Ym Sagoz the Greedy
  4691 | D:7      | Noticed Prince Ribbit
  4710 | D:7      | Killed Prince Ribbit
  4711 | D:7      | Reached skill level 5 in Dodging
  4908 | D:7      | Reached XP level 9. HP: 67/69 MP: 9/9
  4929 | D:7      | Reached skill level 6 in Fighting
  4929 | D:7      | Reached skill level 5 in Shields
  5039 | D:7      | Noticed Pikel
  5061 | D:7      | Killed Pikel
  5173 | D:7      | Found a sacrificial altar of Ru.
  5636 | D:7      | Reached skill level 7 in Fighting
  5684 | D:8      | Noticed Joseph
  5705 | D:8      | Killed Joseph
  5767 | D:8      | Noticed Maurice
  5768 | D:8      | Gained mutation: You have a pair of horns on your head.
                  | [demonic ancestry]
  5768 | D:8      | Reached XP level 10. HP: 75/79 MP: 10/10
  5811 | D:8      | Found a hide-covered altar of Uskayaw.
  5830 | D:8      | Killed Maurice
  6216 | D:8      | Noticed a two-headed ogre
  6234 | D:8      | Killed a two-headed ogre
  6316 | D:8      | Noticed a two-headed ogre
  6326 | D:8      | Killed a two-headed ogre
  6327 | D:8      | Reached skill level 8 in Fighting
  6668 | D:9      | Found a transporter.
  6668 | D:9      | Found a transporter.
  6672 | D:9      | Found a transporter.
  6672 | D:9      | Found a transporter.
  6687 | D:9      | Found an iron altar of Okawaru.
  6901 | D:9      | Gained mutation: A meltable shield of frost defends you.
                  | (SH +4) [demonic ancestry]
  6901 | D:9      | Reached XP level 11. HP: 68/87 MP: 11/11
  6984 | D:9      | Noticed Grum
  6998 | D:9      | Killed Grum
  7220 | D:9      | Reached skill level 9 in Fighting
  7440 | D:10     | Entered Level 10 of the Dungeon
  7443 | D:10     | Bought a warped scale mail for 261 gold pieces
  7443 | D:10     | Identified the +1 scale mail of Xoip {Contam Will+ Dex+2}
                  | (You bought it in a shop on level 10 of the Dungeon)
  7446 | D:10     | Bought a pair of embroidered gloves for 217 gold pieces
  7755 | D:10     | Found a stormy altar of Qazlal.
  7796 | D:10     | Noticed a centaur warrior
  7806 | D:10     | Killed a centaur warrior
  7920 | D:10     | Identified the ring "Umnupp" {rF+ Will+ Str+3 Int-3}
  8142 | D:10     | Noticed a boulder beetle
  8268 | D:10     | Killed a boulder beetle
  8357 | D:10     | Noticed a two-headed ogre
  8373 | D:10     | Killed a two-headed ogre
  8745 | D:10     | Reached skill level 10 in Fighting
  8928 | D:10     | Gained mutation: You are completely covered in large bone
                  | plates. (SH +8) [demonic ancestry]
  8928 | D:10     | Reached XP level 12. HP: 97/97 MP: 1/12
  9143 | D:10     | Noticed Sonja
  9275 | D:10     | Killed Sonja
  9276 | D:10     | Reached skill level 10 in Armour
  9431 | D:10     | Found a staircase to the Lair.
 11019 | D:12     | Identified the +0 scale mail "Hiavogyr" {rElec SInv}
 11046 | D:12     | Reached skill level 11 in Fighting
 11046 | D:12     | Reached skill level 10 in Shields
 11046 | D:12     | Gained mutation: You have a pair of large horns on your
                  | head. [demonic ancestry]
 11046 | D:12     | Reached XP level 13. HP: 107/107 MP: 5/13
 11245 | D:12     | Reached skill level 12 in Fighting
 11401 | D:12     | Noticed Kirke
 11413 | D:12     | Noticed a sphinx
 11421 | D:12     | Mangled by a sphinx

Illustrated notes

Levels and vault maps discovered:
D:1:      lightli_arrival_quake, layout_basic
D:2:      layout_loops_cross, basic_altar, chequers_ecumenical_altar_simple
D:3:      layout_loops_ring, mainiacjoe_overflow_chevrons,
          amcnicky_altar_gilded, mainiacjoe_overflow_concentric_impassable,
          serial_shops, shop, kennysheep_generic_room_10, uniq_pargi
D:4:      layout_rooms, slow_altar_2, mainiacjoe_overflow_alcove_4,
          ebering_ghost_reflecting_pool
D:5:      layout_loops_ring, worldfamousw_hep_ancestral_shrine, serial_rivers,
          chequers_serial_rivers_large_b, chequers_serial_rivers_micro_e,
          chequers_serial_rivers_marsh, chequers_serial_rivers_micro_e,
          chequers_serial_rivers_micro_d, chequers_serial_rivers_room_b
D:6:      layout_gridville, minmay_temple_entry_slanted
D:7:      layout_basic, nicolae_ru_the_path_less_chosen, hangedman_decor_push,
          uniq_prince_ribbit1, uniq_pikel
D:8:      layout_loops_cross, grunt_temple_overflow_open, grunt_livestock,
          uniq_maurice, uniq_joseph
D:9:      layout_roguey, mainiacjoe_overflow_catch_the_wave,
          nicolae_diode_quadrants, uniq_grum
D:10:     nicolae_hexawheel, layout_small_grid, nicolae_qazlal_eye_of_the_storm,
          david_lair_generic, mrwooster_statue_mirror, uniq_sonja
D:11:     layout_basic, amcnicky_mini_rare_corridor_liquid
D:12:     layout_long_grid, orc_0_dummy, uniq_kirke
Temple:   chequers_temple_sunken

Skill      XL: |  1  2  3  4  5  6  7  8  9 10 11 12 13 |
---------------+----------------------------------------+-----
Dodging        | 1 2 3 4 5 6 7 9 |  9.7
Armour         | 4 5 6 7 8 9 10 | 10.4
Fighting       | 2 3 4 5 7 8 10 11 12 | 12.0
Shields        | 1 2 3 4 6 7 8 10 | 10.8
Maces & Flails | |  1.7
Stealth        | |  2.6

Action                     |  1- 3 |  4- 6 |  7- 9 | 10-12 | 13-15 || total
---------------------------+-------+-------+-------+-------+-------++-------
  Melee: Dagger            |   154 |   112 |   218 |   504 |    62 ||  1050
         Headbutt          |    15 |    28 |    65 |   187 |    16 ||   311
         War axe           |       |       |    15 |       |       ||    15
         Flail             |       |       |    55 |       |       ||    55
         Whip              |       |       |     6 |   115 |       ||   121
         Unarmed           |       |       |       |       |     1 ||     1
  Throw: Dart              |       |    20 |    14 |    17 |     3 ||    54
         Boomerang         |       |     3 |    26 |     5 |       ||    34
 Invoke: Call Merchant     |       |       |       |     1 |       ||     1
  Evoke: Wand              |       |     2 |     2 |    14 |       ||    18
         Phantom mirror    |       |       |       |     1 |       ||     1
    Use: Scroll            |     9 |     9 |     1 |     6 |     2 ||    27
         Potion            |       |       |       |     1 |       ||     1
   Stab: Sleeping          |       |     4 |     3 |     6 |       ||    13
         Distracted        |       |     1 |     1 |       |     1 ||     3
         Invisible         |       |     1 |     1 |       |       ||     2
 Armour: Scale mail        |    91 |    15 |       |       |       ||   106
         Troll leather arm |       |    17 |    50 |    71 |     6 ||   144
  Dodge: Dodged            |    94 |    40 |    89 |   222 |    27 ||   472
  Block: Buckler           |     3 |    46 |   145 |   621 |    65 ||   880
         Reflection        |       |       |       |    11 |       ||    11
         Other             |       |       |       |       |     2 ||     2
